 Dungeon Crawl Stone Soup version 0.31-a0-345-g1ebeae05c6 (webtiles) character file.

Game seed: 10963178771048797472

308 greasedhog the Shooter (level 6, -2/38 HPs)
             Began as a Gargoyle Hexslinger on July 23, 2023.
             Was an Initiate of Hepliaklqana.
             Slain by a lemure (3 damage)
             ... led by Pikel
             ... on level 3 of the Dungeon.
             The game lasted 00:10:23 (2835 turns).

greasedhog the Shooter (Gargoyle Hexslinger)        Turns: 2835, Time: 00:10:23

Health: -2/38      AC: 10    Str: 11    XL:     6   Next: 40%
Magic:  6/7        EV: 10    Int: 14    God:    Hepliaklqana [......]
Gold:   151        SH:  0    Dex: 14    Spells: 6/7 levels left

rFire   . . .        a - +1 sling
rCold   . . .        (no shield)
rNeg    + + .        e - +0 ring mail
rPois   ∞            (no helmet)
rElec   +            (no cloak)
rCorr   .            l - +0 pair of gloves
SInv    .            (no boots)
Will    +....        (no amulet)
Stlth   +            h - ring of positive energy
HPRegen 0.26/turn    (no ring)
MPRegen 0.10/turn

%: no passive effects
@: enlightened, flying
A: sickness immunity, AC +4, negative energy resistance 1, electricity
resistance, torment resistance 1, petrification resistance
a: Renounce Religion


You were on level 3 of the Dungeon.
You worshipped Hepliaklqana.
Hepliaklqana was noncommittal.
You visited 2 branches of the dungeon, and saw 5 of its levels.

You collected 151 gold pieces.

Inventory:

Hand Weapons
 a - a +1 sling (weapon)
Armour
 e - a +0 ring mail (worn)
 l - a +0 pair of gloves (worn)
Jewellery
 h - a ring of positive energy (left hand)
Wands
 o - a wand of paralysis (6)
Scrolls
 c - a scroll of teleportation {unknown}
 k - a scroll of immolation
 m - a scroll of noise {unknown}
 n - a scroll of fear {unknown}
 p - a scroll of vulnerability {unknown}
Potions
 d - a potion of might
 f - a potion of berserk rage {unknown}
 g - a potion of enlightenment
 i - a potion of haste {unknown}
 j - a potion of brilliance {unknown}


   Skills:
 - Level 4.0 Fighting
 * Level 5.4 Ranged Weapons
 + Level 0.0 Armour
 - Level 1.5 Dodging
 - Level 1.0 Spellcasting
 - Level 2.6 Hexes


You had 6 spell levels left.
You knew the following spells:

 Your Spells              Type           Power      Damage    Failure   Level
a - Slow                  Hex            32%        N/A       22%         1

Your spell library contained the following spells:

 Spells                   Type           Power      Damage    Failure   Level
 Inner Flame              Hex/Fire       4%         N/A       73%         3
 Portal Projectile        Hex/Tloc       8%         N/A       73%         3
 Cause Fear               Hex            4%         N/A       91%         4


Dungeon Overview and Level Annotations

Branches:
Dungeon (4/15)             Temple (1/1) D:4

Altars:
Ashenzari
Cheibriados
Dithmenos
Elyvilon
Fedhas
Hepliaklqana
Makhleb
Nemelex Xobeh
Okawaru
Qazlal
Ru
Sif Muna
Uskayaw
Vehumet
Wu Jian
Yredelemnul
Zin
The Shining One

Shops:
D:3 (

Annotations:
D:4 Pikel


Innate Abilities, Weirdness & Mutations

You are immune to sickness and miasma.
Your stone body is resilient. (AC +4)
You are immune to poison.
You resist negative energy. (rN+)
You are resistant to electric shocks. (rElec)
You are resistant to unholy torment.
You are immune to petrification.


Message History

The lemure resists with some effort.
The lemure hits you but does no damage.
Aiming: Paralyse
Press: ? - help, Shift-Dir - straight line, f/p - lemure
Aim: a lemure (heavily wounded, chance to affect: 49%)
The lemure resists with some effort.
The lemure hits you but does no damage.
Aiming: Paralyse
Press: ? - help, Shift-Dir - straight line, f/p - lemure
Aim: a lemure (heavily wounded, chance to affect: 49%)
The lemure resists with some effort.
The lemure misses you.
Casting: Slow (safe; 22% risk of failure)
Confirm with . or Enter, or press ? or * to list all spells.
Aiming: Slow (safe; 22% risk of failure)
Press: ? - help, Shift-Dir - straight line, f/p - lemure
Aim: a lemure (heavily wounded, chance to affect: 41%)
The lemure resists with some effort.
The lemure hits you but does no damage.
Fire: a) +1 sling
Press: ? - help, Q - select action, (/) - cycle Shift-Dir - straight line, f/p - lemure
Aim: a lemure (heavily wounded, 55% to hit)
You shoot a sling bullet.
The sling bullet closely misses the lemure.
The lemure closely misses you.
Fire: a) +1 sling
Press: ? - help, Q - select action, (/) - cycle Shift-Dir - straight line, f/p - lemure
Aim: a lemure (heavily wounded, 55% to hit)
You shoot a sling bullet. The sling bullet hits the lemure.
The lemure is severely wounded.
The lemure hits you!
* * * LOW HITPOINT WARNING * * *
It was a potion of enlightenment.
You feel very buoyant.
You fly up into the air.
The lemure hits you but does no damage.
Fire: a) +1 sling
Press: ? - help, Q - select action, (/) - cycle Shift-Dir - straight line, f/p - lemure
Aim: a lemure (severely wounded, 55% to hit)
You shoot a sling bullet.
The sling bullet barely misses the lemure.
The lemure hits you.
* * * LOW HITPOINT WARNING * * *
The lemure hits you.
You die...

######.#.##..# #.............
#....#..#######.#.........#.
####............#.........#.
#.....##...#.#########.#.
#...#..#.#...#########.#.
###.##.#.######..........
#######+##.#.# #..........
#........#..5### #..........
#......[.#..@..## #..........
#........#.#.#..# #..........
#...............# #....)...(.
#.....####.####.###......)...
#.....#.......#...'..........
#.....#.......#..##..........
#.....#.......#..##..........
###.#.#..._...^..#####+######
#.#.#.......#........#


You could see a lemure.

Vanquished Creatures
  Sigmund (D:3)
  A lemure (D:3)
  A scorpion (D:2)
  A gnoll (D:1)
  An adder (D:3)
  An ufetubus (D:2)
  2 worms (D:3)
  11 bats
  3 endoplasms
  2 giant cockroaches
  6 hobgoblins
  4 jackals (D:1)
  7 kobolds
  3 quokkas
  7 ball pythons
  2 frilled lizards
  4 goblins
  4 rats
61 creatures vanquished.

Notes
Turn   | Place    | Note
-------+----------+-------------------------------------------
     0 | D:1      | greasedhog the Gargoyle Hexslinger began the quest for the
                  | Orb.
     0 | D:1      | Reached XP level 1. HP: 12/12 MP: 2/2
    93 | D:1      | Reached XP level 2. HP: 16/16 MP: 3/3
   325 | D:1      | Reached skill level 3 in Ranged Weapons
   360 | D:1      | Reached XP level 3. HP: 19/21 MP: 4/4
  1271 | D:2      | Reached XP level 4. HP: 27/27 MP: 5/5
  1391 | D:2      | Noticed a scorpion
  1456 | D:2      | Killed a scorpion
  1457 | D:2      | Reached skill level 4 in Ranged Weapons
  1457 | D:2      | Reached XP level 5. HP: 15/32 MP: 6/6
  1543 | D:2      | Found a faded altar of an unknown god.
  1899 | D:3      | Found Ruxuckal's Weapon Shop.
  1933 | D:3      | Noticed Sigmund
  1939 | D:3      | Killed Sigmund
  1940 | D:3      | Reached skill level 5 in Ranged Weapons
  1940 | D:3      | Reached XP level 6. HP: 28/38 MP: 7/7
  2062 | D:3      | Found a radiant altar of Vehumet.
  2155 | D:3      | Found a burning altar of Makhleb.
  2308 | D:4      | Found a staircase to the Ecumenical Temple.
  2317 | Temple   | Entered the Ecumenical Temple
  2349 | Temple   | Became a worshipper of Hepliaklqana the Forgotten
  2428 | D:4      | Noticed Pikel
  2833 | D:3      | HP: 1/38 [lemure[Pikel] (7)]
  2835 | D:3      | Slain by a lemure

Illustrated notes

Levels and vault maps discovered:
D:1:      nicolae_arrival_somewhat_less_tricky_arrival, layout_basic
D:2:      layout_basic, serial_co_window_serial, co_window_corner_a,
          co_window_of_opportunity_a, co_window_of_opportunity_a,
          co_window_paths_a, co_window_of_opportunity_a, co_window_corner_a,
          co_window_corner_a, co_window_corner_a, co_window_paths_a,
          co_window_of_opportunity_c, co_window_corner_ca, co_window_broadway_a,
          co_window_broadway_c, co_window_broadway_b, glass_columns_a,
          glass_columns_c, glass_columns_c, glass_columns_a,
          shapermc_ecumenical_altar_mp_ritualfount
D:3:      layout_basic, mainiacjoe_overflow_boulevard, lemuel_tele_altar,
          serial_shops, shop, solitary_fountain, uniq_sigmund
D:4:      layout_basic, lemuel_temple_firewalk_b, gup_sewer_entry_spiral,
          uniq_pikel
Temple:   kb_temple_of_zot

Skill      XL: |  1  2  3  4  5  6 |
---------------+-------------------+-----
Ranged Weapons | 3 4 5 |  5.4
Fighting       | 2 3 4 |  4.0
Dodging        | |  1.5
Spellcasting   | |  1.0
Hexes          | |  2.6

Action                     |  1- 3 |  4- 6 || total
---------------------------+-------+-------++-------
   Fire: Sling             |   142 |   173 ||   315
   Cast: Slow              |       |     7 ||     7
  Evoke: Wand              |       |     4 ||     4
    Use: Scroll            |       |     6 ||     6
         Potion            |       |     2 ||     2
 Armour: Ring mail         |    60 |    58 ||   118
         Skin              |       |    32 ||    32
  Dodge: Dodged            |    77 |    74 ||   151

Table legend: (Time is in decaauts)
 A = Elapsed time spent in this place.
 B = Non-inter-level travel time spent in this place.
 C = Inter-level travel time spent in this place.
 D = Time resting spent in this place.
 E = Time spent auto-exploring this place.
 F = Levels seen in this place.
 G = Mean time per level.
                   A        B        C        D        E       F      G
               +--------+--------+--------+--------+--------+-----+--------+
         Total |   2940 |   2729 |    211 |    195 |   1757 |   5 |  588.0 |
       Dungeon |   2875 |   2718 |    157 |    195 |   1757 |   4 |  718.8 |
        Temple |     64 |     10 |     54 |      0 |      0 |   1 |   64.0 |
               +--------+--------+--------+--------+--------+-----+--------+

Top non-repeatable levels by time:
     D:2: 1032 daAuts
     D:1: 848 daAuts
     D:3: 810 daAuts
     D:4: 183 daAuts
  Temple: 64 daAuts
